Construct Section Command Post
Construct Platoon Command Post
6-pounder Anti-tank Gun Team
Selects Air and Sea Battlegroup
Selects Commando Section Paradrop
Commando Section Paradrop
Construct Company Command Post
6-pounder Anti-tank Gun Team
6-pounder Anti-tank Gun Team
Selects Commando Support Section Paradrop
Selects Commando Support Section Paradrop
Selects Anti-tank Rocket Loiter
6-pounder Anti-tank Gun Team
Construct Company Command Post